 Dungeon Crawl Stone Soup version 0.22-a0-363-g29407c6 (webtiles) character file.

4747 b5mith the Fighter (level 10, -1/150 HPs)
             Began as a Minotaur Berserker on Apr 21, 2018.
             Was an Elder of Trog.
             Killed by mirror damage (10 damage)
             ... on level 7 of the Dungeon.
             The game lasted 00:14:46 (6838 turns).

b5mith the Fighter (Minotaur Berserker)             Turns: 6838, Time: 00:14:47

Health: -1/150     AC: 15    Str: 29    XL:     10   Next: 23%
Magic:  9/9        EV: 11    Int:  4    God:    Trog [****..]
Gold:   513        SH:  0    Dex: 11    Spells: 9/9 levels left

rFire    + . .     SeeInvis .   a - +2 dire flail (protect)
rCold    + . .     Gourm    .   (shield currently unavailable)
rNeg     . . .     Faith    .   e - +0 ring mail
rPois    .         Spirit   .   (helmet restricted)
rElec    .         Reflect  .   (no cloak)
rCorr    .         Harm     .   (no gloves)
MR       .....                  F - +2 pair of boots {run}
Stlth    ..........             (no amulet)
HPRegen  0.35/turn              d - ring of protection from fire
MPRegen  0.11/turn              E - ring of protection from cold

@: berserking, protection aura, very quick
A: retaliatory headbutt, horns 2
a: Berserk, Trog's Hand, Brothers in Arms, Renounce Religion


You were on level 7 of the Dungeon.
You worshipped Trog.
Trog was greatly pleased with you.
You were hungry.

You visited 1 branch of the dungeon, and saw 7 of its levels.

You collected 513 gold pieces.

Inventory:

Hand Weapons
 a - a +2 dire flail of protection (weapon)
   (You took it off a wight on level 7 of the Dungeon)
 b - a +0 hunting sling
   (You took it off a goblin on level 2 of the Dungeon)
 x - a +0 mace
 J - a +0 flail of protection
   (You found it on level 4 of the Dungeon)
Missiles
 k - 94 sling bullets
Armour
 e - a +0 ring mail (worn)
   (You found it on level 1 of the Dungeon)
 D - a +0 pair of boots
   (You found it on level 6 of the Dungeon)
 F - a +2 pair of boots of running (worn)
   (You found it on level 7 of the Dungeon)
 K - a +0 animal skin
Jewellery
 d - a ring of protection from fire (left hand)
   (You found it on level 1 of the Dungeon)
 A - an uncursed ring of ice
   (You found it on level 5 of the Dungeon)
 B - an uncursed ring of ice
   (You found it on level 5 of the Dungeon)
 C - an uncursed ring of protection from fire
   (You found it on level 5 of the Dungeon)
 E - a ring of protection from cold (right hand)
   (You found it on level 6 of the Dungeon)
 I - a +5 ring of protection {unknown}
   (You took it off a wight on level 7 of the Dungeon)
Wands
 p - a wand of flame (38)
   (You found it on level 3 of the Dungeon)
 v - a wand of disintegration (14)
   (You took it off Ijyb on level 4 of the Dungeon)
 H - a wand of random effects (19)
   (You found it on level 7 of the Dungeon)
Scrolls
 f - 7 scrolls of remove curse {@r2}
 i - a scroll of teleportation {unknown}
 j - 2 scrolls of blinking {unknown}
 l - a scroll of enchant armour
 n - 3 scrolls of enchant weapon {unknown}
 q - a scroll of fear {unknown}
 r - 3 scrolls of immolation {unknown}
 s - 5 scrolls of identify {@r1}
 w - a scroll of noise {unknown}
 y - a scroll of magic mapping {unknown}
Potions
 g - a potion of invisibility
 h - a potion of lignification {unknown}
 m - a potion of haste {unknown}
 o - 2 potions of might {unknown}
 t - 2 potions of heal wounds
 u - a potion of agility {unknown}
 z - a potion of brilliance {unknown}
Comestibles
 c - 15 rations


   Skills:
 + Level 12.8 Fighting
 + Level 12.8 Maces & Flails
 - Level 2.4 Armour
 - Level 2.1 Dodging


You had 9 spell levels left.
You didn't know any spells.

Dungeon Overview and Level Annotations

Branches:
Dungeon (7/15)             Temple (0/1) D:5

Altars:
Okawaru


Innate Abilities, Weirdness & Mutations

You reflexively headbutt those who attack you in melee.
You have a pair of horns on your head.


Message History

Aim: a death knight, wielding an enchanted glaive, wearing a chain mail and wearing a steel ring You shoot a sling bullet.
The sling bullet hits the death knight.
The death knight is lightly wounded.
Firing (i - inventory)
k - 98 sling bullets (quivered)
Press: ? - help, Shift-Dir - straight line, f/p - death knight
Aim: a death knight, wielding an enchanted glaive, wearing a chain mail and wearing a steel ring (lightly wounded)
You shoot a sling bullet. The sling bullet hits the death knight.
The death knight is lightly wounded.
Firing (i - inventory)
k - 97 sling bullets (quivered)
Press: ? - help, Shift-Dir - straight line, f/p - death knight
Aim: a death knight, wielding an enchanted glaive, wearing a chain mail and wearing a steel ring (lightly wounded)
You shoot a sling bullet. The sling bullet hits the death knight!
The death knight is moderately wounded.
The death knight offers itself to Yredelemnul, and fills with unholy energy.
Firing (i - inventory)
k - 96 sling bullets (quivered)
Press: ? - help, Shift-Dir - straight line, f/p - death knight
Aim: a death knight, wielding an enchanted glaive, wearing a chain mail and wearing a steel ring (moderately wounded, reflecting injuries)
You shoot a sling bullet.
The sling bullet barely misses the death knight.
The death knight closely misses you.
Firing (i - inventory)
k - 95 sling bullets (quivered)
Press: ? - help, Shift-Dir - straight line, f/p - death knight
Aim: a death knight, wielding an enchanted glaive, wearing a chain mail and wearing a steel ring (moderately wounded, reflecting injuries)
You shoot a sling bullet.
The sling bullet closely misses the death knight.
The death knight calls down the wrath of Yredelemnul upon you.
Your body is wracked with pain!
Your +2 dire flail of protection hums with potential!
a - a +2 dire flail of protection (weapon)
The death knight hits you with an enchanted glaive!!
* * * LOW HITPOINT WARNING * * *
You barely miss the death knight.
The death knight is moderately wounded.
The death knight hits you with an enchanted glaive!
* * * LOW HITPOINT WARNING * * *
A red film seems to cover your vision as you go berserk!
You feel yourself moving faster!
You feel mighty!
You are feeling hungry.
You thump the death knight!
Your weapon exudes an aura of protection.
You headbutt the death knight.
The death knight is moderately wounded.
The death knight reflects your damage back at you!
* * * LOW HITPOINT WARNING * * *
The death knight hits you with an enchanted glaive!
* * * LOW HITPOINT WARNING * * *
You sock the death knight!
The death knight is heavily wounded.
The death knight reflects your damage back at you!
You die...

#.##.##.##...##.#..# #.#
###....#....#..#
####.#########.#####..#
#.)......#............#
...####..#............#
..##..##.#..#..#.##.#.#
.##.##.#.#.....#.##.#.#######
.#..#.##...........((........
.#..###..#......@p###.#######
)#.......#.....<..# #.......#
.##..(..##........# #.......#
..##..####........###.......#
####.#####..#######....######
..................'....#
............#######....#
############# #....# #....#


You could see a death knight.

Vanquished Creatures
  A wizard (D:7)
  Pikel (D:6)
  2 orc sorcerers (D:7)
  A troll (D:7)
  A hornet (D:7)
  Prince Ribbit (D:6)
  A spriggan (D:7)
  Eustachio (D:5)
  A steam dragon (D:7)
  2 slaves (D:6)
  An ice beast (D:6)
  A phantom (D:6)
  4 sky beasts
  5 ogres
  A centaur (D:7)
  Blork the orc (D:6)
  A bullfrog (D:7)
  2 scorpions
  3 killer bees (D:7)
  A wight (D:7)
  2 crimson imps
  A hound (D:4)
  2 jellies
  2 orc priests
  A bullfrog zombie (D:7)
  2 orc wizards
  An iguana (D:7)
  Ijyb (D:4)
  A worker ant (D:6)
  A howler monkey zombie (D:7)
  A worker ant zombie (D:6)
  Robin (D:2)
  11 adders
  An ooze (D:6)
  5 worms
  2 adder skeletons
  A dart slug (D:1)
  A leopard gecko (D:2)
  21 orcs
  6 bats
  7 giant cockroaches
  17 goblins
  8 hobgoblins
  4 jackals
  4 quokkas
  A ball python (D:1)
  A frilled lizard (D:1)
  A giant cockroach zombie (D:5)
  4 kobolds
  A leopard gecko skeleton (D:5)
  8 rats
152 creatures vanquished.

Notes
Turn   | Place    | Note
-------+----------+-------------------------------------------
     0 | D:1      | b5mith the Minotaur Berserker began the quest for the Orb.
     0 | D:1      | Reached XP level 1. HP: 19/19 MP: 0/0
    88 | D:1      | Reached XP level 2. HP: 11/27 MP: 1/1
   959 | D:2      | Reached XP level 3. HP: 34/34 MP: 2/2
  1016 | D:2      | Noticed Robin
  1016 | D:2      | Reached ** piety under Trog
  1028 | D:2      | Killed Robin
  1230 | D:2      | Noticed a scorpion
  1251 | D:2      | Killed a scorpion
  1251 | D:2      | Reached skill level 5 in Fighting
  1251 | D:2      | Reached skill level 5 in Maces & Flails
  1251 | D:2      | Reached XP level 4. HP: 12/42 MP: 3/3
  1629 | D:2      | Reached XP level 5. HP: 42/48 MP: 4/4
  2565 | D:3      | Reached *** piety under Trog
  3027 | D:4      | Noticed an ogre
  3041 | D:4      | Killed an ogre
  3041 | D:4      | Reached XP level 6. HP: 15/58 MP: 5/5
  3663 | D:4      | Noticed Ijyb
  3672 | D:4      | Killed Ijyb
  3792 | D:5      | Entered Level 5 of the Dungeon
  3803 | D:5      | Noticed Eustachio
  3816 | D:5      | Killed Eustachio
  3816 | D:5      | Reached XP level 7. HP: 65/66 MP: 6/6
  3829 | D:5      | Found a staircase to the Ecumenical Temple.
  4562 | D:6      | Noticed Blork the orc
  4587 | D:6      | Killed Blork the orc
  4772 | D:6      | Reached **** piety under Trog
  4818 | D:6      | Reached XP level 8. HP: 62/77 MP: 7/7
  4860 | D:6      | Noticed Prince Ribbit
  4876 | D:6      | Killed Prince Ribbit
  4960 | D:6      | Noticed Pikel
  4979 | D:6      | Killed Pikel
  4979 | D:6      | Reached skill level 10 in Fighting
  4979 | D:6      | Reached skill level 10 in Maces & Flails
  4979 | D:6      | Reached XP level 9. HP: 44/86 MP: 8/8
  5196 | D:6      | Found an iron altar of Okawaru.
  5435 | D:7      | Identified a +0 pair of boots of running (You found it on level 7 of the Dungeon)
  5641 | D:7      | Noticed a troll
  5647 | D:7      | Killed a troll
  5671 | D:7      | Noticed an orc sorcerer
  5680 | D:7      | Paralysed by a hornet for 1 turns
  5686 | D:7      | Noticed a smoke demon
  5688 | D:7      | Killed an orc sorcerer
  5978 | D:7      | Noticed an orc sorcerer
  5989 | D:7      | Noticed a sun demon
  5993 | D:7      | Killed an orc sorcerer
  5994 | D:7      | Identified the Reference Book on the Torrid Oath
  5994 | D:7      | Noticed a wizard
  5996 | D:7      | Killed a wizard
  5996 | D:7      | Reached XP level 10. HP: 52/99 MP: 9/9
  6827 | D:7      | Noticed a death knight
  6838 | D:7      | Killed by mirror damage

Vault maps used:
D:1:      dpeg_arrival_shelter
D:2:      nicolae_ru_great_annihilating_truth, uniq_terence, uniq_robin
D:4:      kennysheep_kobold_camp, first_ration, uniq_ijyb
D:5:      minmay_temple_entry_fiery, st_stairs_14, uniq_eustachio
D:6:      overflow_temple_1_default, kennysheep_another_room,
          columned_hall_lemuel, uniq_pikel, uniq_blork_the_orc,
          uniq_prince_ribbit1
D:7:      minmay_the_grid_plus, the_bakery, uniq_crazy_yiuf_cottage

Skill      XL: |  1  2  3  4  5  6  7  8  9 |
---------------+----------------------------+-----
Fighting       | 4 5 6 7 8 10 12 | 12.8
Maces & Flails | 4 5 6 7 8 10 12 | 12.8
Armour         | |  2.4
Dodging        | |  2.1

Action                   |  1- 3 |  4- 6 |  7- 9 | 10-12 || total
-------------------------+-------+-------+-------+-------++-------
Melee: Mace              |    67 |    59 |       |       ||   126
       Headbutt          |    11 |    44 |    46 |     7 ||   108
       Dagger            |    10 |   117 |       |       ||   127
       Flail             |       |     4 |   186 |       ||   190
       Dire flail        |       |       |    14 |    32 ||    46
 Fire: Hunting sling     |       |       |       |     5 ||     5
Invok: Berserk           |       |     1 |     2 |     1 ||     4
  Use: Scroll            |       |     2 |     4 |       ||     6
  Eat: Chunk             |     1 |     9 |     8 |     4 ||    22
Armor: Animal skin       |     4 |       |       |       ||     4
       Ring mail         |    26 |    53 |    66 |     4 ||   149
Dodge: Dodged            |    49 |    88 |    83 |    11 ||   231

Table legend:
 A = Spawn XP
 B = Non-spawn XP
 C = Spawn XP percentage of total XP
 D = Spawn monster count
 E = Non-spawn monster count
 F = Spawn count percentage of total count
 G = Total turns spent on level
                    A         B        C        D         E        F      G
               +---------+---------+-------+---------+---------+-------+---------
         Total |       0 |    6782 |   0.0 |       0 |     150 |   0.0 |  6838
               +---------+---------+-------+---------+---------+-------+---------
           D:1 |       0 |      37 |   0.0 |       0 |      23 |   0.0 |   952
           D:2 |       0 |     167 |   0.0 |       0 |      26 |   0.0 |   964
           D:3 |       0 |     221 |   0.0 |       0 |      34 |   0.0 |  1254
           D:4 |       0 |     326 |   0.0 |       0 |      11 |   0.0 |   914
           D:5 |       0 |     271 |   0.0 |       0 |      13 |   0.0 |   622
           D:6 |       0 |    1929 |   0.0 |       0 |      16 |   0.0 |  1104
           D:7 |       0 |    3831 |   0.0 |       0 |      27 |   0.0 |  1028
               +---------+---------+-------+---------+---------+-------+---------
